[Event "Titled Tuesday Blitz December 14 2021"]
[White "Karttunen, Mika"]
[Black "Supatashvili, Khvicha"]
[WhiteFideId "502081"]
[BlackFideId "13600664"]
[WhiteElo "2343"]
[BlackElo "2715"]
[Result "1-0"]
[Round "02"]
[TimeControl "180+1"]
[Date "2021.12.15"]
[WhiteClock "0:00:02"]
[BlackClock "0:00:02"]

1. d4 Nf6 2. c4 e6 3. Nc3 Bb4 4. e3 c5 5. Bd3 Nc6 6. Nf3 d5 7. a3 Bxc3+ 8. bxc3 O-O 9. O-O dxc4 10. Bxc4 b6 11. Re1 Bb7 12. Ba2 Na5 13. Ne5 Rc8 14. Bb2 cxd4 15. cxd4 Bd5 16. a4 Bxa2 17. Rxa2 Qd5 18. Qb1 Ne4 19. Ra3 f6 20. Nd3 Nc4 21. Ra1 Ned2 22. Qd1 Nxb2 23. Nxb2 Ne4 24. Nd3 Rc3 25. Nf4 Qd6 26. Qb1 f5 27. Qa2 Re8 28. Rac1 Qc6 29. Qb2 Rc8 30. Rxc3 Nxc3 31. Qb3 Nd5 32. Nd3 Qc3 33. Qd1 h6 34. h3 Kh7 35. Rf1 Qa3 36. Ne5 Qd6 37. Qh5 Qe7 38. Qg6+ Kg8 39. Qg3 Qf6 40. Qf3 f4 41. e4 Nc3 42. Rc1 Ne2+ 43. Qxe2 Rxc1+ 44. Kh2 Rc8 45. Qf3 Rd8 46. Qc3 f3 47. g3 1-0


[Site "https://www.chess.com"]

[Event "Titled Tuesday Blitz December 14 2021"]
[White "Kilpatrick, Callum"]
[Black "Nesterov, Arseniy"]
[WhiteFideId "414425"]
[BlackFideId "24198455"]
[WhiteElo "2579"]
[BlackElo "2489"]
[Result "0-1"]
[Round "02"]
[TimeControl "180+1"]
[Date "2021.12.14"]
[WhiteClock "0:02:02"]
[BlackClock "0:02:27"]

1. e4 e5 2. Nf3 Nc6 3. Bb5 a6 4. Ba4 b5 5. Bb3 Na5 6. Nxe5 Nxb3 7. axb3 Qg5 8. d4 Qxg2 9. Qf3 Qxf3 10. Nxf3 Bb7 11. Nbd2 f5 12. exf5 Nh6 13. O-O Nxf5 14. Re1+ Be7 15. Ne4 O-O 16. Ne5 Nxd4 17. c3 Nc2 18. Nxd7 Nxe1 19. Nxf8 Rxf8 20. Be3 Nf3+ 0-1


[Site "https://www.chess.com"]

[Event "Titled Tuesday Blitz December 14 2021"]
[White "King, Alexander"]
[Black "Sipila, Vilka"]
[WhiteFideId "2063620"]
[BlackFideId "505455"]
[WhiteElo "2306"]
[BlackElo "2334"]
[Result "0-1"]
[Round "02"]
[TimeControl "180+1"]
[Date "2021.12.15"]
[WhiteClock "0:00:05"]
[BlackClock "0:00:07"]

1. d4 f5 2. Nf3 Nf6 3. g3 g6 4. Bg2 Bg7 5. O-O O-O 6. b3 d6 7. Bb2 c6 8. c4 Na6 9. Nc3 Qc7 10. Qd3 e5 11. e4 Nb4 12. Qb1 fxe4 13. Nxe4 Nxe4 14. Qxe4 Bf5 15. Qh4 Bf6 16. Qh6 Bd3 17. Rfd1 e4 18. Ne1 d5 19. Qd2 Qe7 20. c5 Na6 21. Nxd3 exd3 22. Qxd3 Nxc5 23. Qc2 Ne6 24. a4 Qg7 25. Qd3 Rae8 26. b4 Rf7 27. Rac1 Rfe7 28. Rc2 a6 29. b5 axb5 30. axb5 Ng5 31. h4 Re1+ 32. Rxe1 Rxe1+ 33. Kh2 Ne4 34. bxc6 bxc6 35. Bxe4 Rxe4 36. Rxc6 h5 37. Qb3 Qf7 38. Rd6 Bxh4 39. Qxd5 Qxd5 40. Rxd5 Bf6 41. Kg2 Re2 42. Bc3 Rc2 43. Rc5 Kf7 44. Kf3 Be7 45. Rc7 Ke6 46. Ke3 Bd6 47. Rc8 Kd7 48. Rc4 Ke6 49. Kd3 Rxf2 50. Bd2 Rf3+ 51. Ke4 Rxg3 52. Rc6 Rg4+ 53. Kd3 Kd5 54. Ra6 Rxd4+ 55. Ke2 Re4+ 56. Kf3 Re6 57. Ra5+ Kc4 58. Ra4+ Kd3 59. Bg5 Re5 60. Bh4 Rf5+ 61. Kg2 g5 62. Bf2 Ke2 63. Re4+ Kd3 64. Re6 Bf4 65. Rh6 h4 66. Kh3 Rf8 67. Bxh4 g4+ 0-1


[Site "https://www.chess.com"]

[Event "Titled Tuesday Blitz December 14 2021"]
[White "Koellner, Ruben Gideon"]
[Black "Rasulov, Vugar"]
[WhiteFideId "12993093"]
[BlackFideId "13402390"]
[WhiteElo "2572"]
[BlackElo "2560"]
[Result "0-1"]
[Round "02"]
[TimeControl "180+1"]
[Date "2021.12.14"]
[WhiteClock "0:00:01"]
[BlackClock "0:01:10"]

1. d4 Nf6 2. Bg5 e6 3. Nd2 h6 4. Bh4 c5 5. e4 d5 6. e5 g5 7. Bg3 Nfd7 8. h4 Nc6 9. hxg5 Nxd4 10. Ngf3 Nf5 11. Bf4 Bg7 12. Bd3 hxg5 13. Rxh8+ Bxh8 14. Bxg5 Qb6 15. Bxf5 exf5 16. Nb3 c4 17. Nbd4 Nxe5 18. Qe2 Be6 19. c3 Nd3+ 20. Kf1 Kd7 21. b4 Bg7 22. g3 Rh8 23. Kg2 f4 24. Rh1 Rxh1 25. Kxh1 fxg3 26. fxg3 a5 27. a3 axb4 28. axb4 Qa6 29. Kg2 Qa1 30. Bd2 Qb2 31. Qe3 Bf6 32. Nb5 Bd8 33. Nbd4 Bb6 34. Qh6 Qb1 35. Qe3 Qd1 0-1


[Site "https://www.chess.com"]

[Event "Titled Tuesday Blitz December 14 2021"]
[White "Kozak, Antoni"]
[Black "Timofeev, Artyom"]
[WhiteFideId "21832030"]
[BlackFideId "4140419"]
[WhiteElo "2272"]
[BlackElo "2628"]
[Result "0-1"]
[Round "02"]
[TimeControl "180+1"]
[Date "2021.12.14"]
[WhiteClock "0:00:14"]
[BlackClock "0:00:24"]

1. d4 Nf6 2. Nf3 b6 3. e3 Bb7 4. Bd3 g6 5. Nbd2 Bg7 6. O-O O-O 7. Re1 c5 8. b3 Nc6 9. Bb2 Rc8 10. a3 d6 11. c4 cxd4 12. exd4 d5 13. c5 a5 14. Rc1 Nd7 15. Qc2 bxc5 16. dxc5 e5 17. Bb5 Re8 18. Qb1 Bh6 19. Rcd1 Bg7 20. b4 axb4 21. axb4 e4 22. Bxg7 exf3 23. Ba1 Rxe1+ 24. Rxe1 fxg2 25. Qb2 f6 26. Nf3 Qf8 27. Qd2 Qf7 28. Rd1 Nde5 29. Qf4 Nxf3+ 30. Qxf3 Ne5 31. Bxe5 fxe5 32. Qh3 Qf5 33. Qxf5 gxf5 34. Bd7 Rc7 35. Be6+ Kg7 36. Bxd5 Bxd5 37. Rxd5 Rb7 38. Kxg2 Rxb4 39. Rxe5 Kf6 40. Rd5 Rc4 41. Rd6+ Ke5 42. Rh6 Rxc5 43. Rxh7 Kf4 44. Rh5 Kg4 45. Rh3 Rc2 46. Ra3 Kg5 47. Kg3 Rb2 48. h4+ Kh5 49. Ra5 Rb3+ 50. f3 Kg6 51. Ra4 Rc3 52. Kf4 Rc6 53. Rc4 Rxc4+ 0-1


[Site "https://www.chess.com"]

[Event "Titled Tuesday Blitz December 14 2021"]
[White "Krishnan, Varun"]
[Black "Bortnyk, Olexandr"]
[WhiteFideId "5054508"]
[BlackFideId "14120828"]
[WhiteElo "2591"]
[BlackElo "2723"]
[Result "0-1"]
[Round "02"]
[TimeControl "180+1"]
[Date "2021.12.14"]
[WhiteClock "0:00:10"]
[BlackClock "0:00:26"]

1. e4 Nf6 2. e5 Nd5 3. d4 d6 4. c4 Nb6 5. exd6 exd6 6. Nc3 Be7 7. Bd3 O-O 8. Nge2 Nc6 9. O-O Bg4 10. Be3 Bf6 11. f3 Bh5 12. b3 Re8 13. Bf2 a5 14. Nf4 Bg6 15. Nxg6 hxg6 16. Be4 a4 17. Nd5 Nxd5 18. Bxd5 axb3 19. axb3 Qd7 20. Qd3 Rxa1 21. Rxa1 Nb4 22. Qc3 Nxd5 23. cxd5 Re7 24. h3 Qf5 25. Qc4 Kh7 26. Ra7 c6 27. Ra8 cxd5 28. Qb4 Qf4 29. Qc3 Bh4 30. Qc8 Bxf2+ 31. Kxf2 Qh4+ 32. g3 Qxd4+ 33. Kg2 Qd2+ 34. Kf1 Re1# 0-1


[Site "https://www.chess.com"]

[Event "Titled Tuesday Blitz December 14 2021"]
[White "Lavrov, Maxim"]
[Black "Kekic, Armin"]
[WhiteFideId "4166418"]
[BlackFideId "14401274"]
[WhiteElo "2192"]
[BlackElo "2350"]
[Result "1/2-1/2"]
[Round "02"]
[TimeControl "180+1"]
[Date "2021.12.15"]
[WhiteClock "0:00:08"]
[BlackClock "0:00:10"]

1. Nf3 d6 2. g3 e5 3. Bg2 Nc6 4. O-O Nf6 5. d4 Be7 6. dxe5 Nxe5 7. Nxe5 dxe5 8. Qxd8+ Bxd8 9. Nc3 c6 10. f4 exf4 11. Bxf4 Bb6+ 12. Kh1 Be6 13. e4 O-O-O 14. Na4 Nd7 15. Nxb6+ Nxb6 16. a4 f6 17. b3 Nd7 18. Be3 a6 19. b4 Bc4 20. Rfd1 Ne5 21. Bb6 Rxd1+ 22. Rxd1 Be6 23. Bf1 Nc4 24. Bxc4 Bxc4 25. Kg1 Re8 26. Kf2 Be6 27. Rd6 Bd7 28. Kf3 f5 29. exf5 Bxf5 30. c3 Bd7 31. g4 Re6 32. Rd4 g5 33. Bc5 h6 34. Rd6 Rxd6 35. Bxd6 Be8 36. Bf8 h5 37. Be7 Kd7 38. Bxg5 Ke6 39. gxh5 Bxh5+ 40. Kf4 Be8 41. a5 Bh5 42. Bd8 Bd1 43. Kg5 Be2 44. h4 Bd1 45. h5 Bc2 46. Bf6 Bd1 47. Bd4 Bc2 48. Kh6 Kf7 49. Kg5 Ke6 50. h6 Bh7 51. Kf4 Bb1 52. Bg7 Bh7 53. c4 Bd3 54. Ke3 Bh7 55. Kd4 Bg6 56. Kc5 Kd7 57. Kb6 Kc8 58. b5 cxb5 59. cxb5 axb5 60. Kxb5 Bh7 61. Kc5 Kd7 62. Kd5 Bd3 63. Bd4 Ke7 64. Bc5+ Kd7 65. Ke5 Kc8 66. Kd6 Kb8 67. Bb6 Ka8 68. Be3 Bc2 69. Kc7 Bb1 70. Bb6 Bc2 71. Kd7 Bb1 72. Ke7 Bc2 73. Kf7 Bb1 74. Kg7 Bc2 75. h7 Bxh7 76. Kxh7 Kb8 77. Kg6 Ka8 78. Kf7 Kb8 79. Ke6 Ka8 80. Kd7 Kb8 81. Bc7+ Ka8 82. Kc8 Ka7 83. Bb6+ Ka8 84. Bc5 b5 85. Bb4 Ka7 86. Kc7 Ka8 87. Kb6 Kb8 88. Ka6 Ka8 89. Ba3 Kb8 90. Bd6+ Ka8 91. Kb6 b4 92. Bxb4 Kb8 93. a6 Ka8 94. a7 1/2-1/2


[Site "https://www.chess.com"]

[Event "Titled Tuesday Blitz December 14 2021"]
[White "Laxman, R.R."]
[Black "Martinez Alcantara, Jose Eduardo"]
[WhiteFideId "5005361"]
[BlackFideId "3805662"]
[WhiteElo "2476"]
[BlackElo "2690"]
[Result "1/2-1/2"]
[Round "02"]
[TimeControl "180+1"]
[Date "2021.12.14"]
[WhiteClock "0:01:53"]
[BlackClock "0:00:25"]

1. d4 d5 2. Nf3 Nf6 3. c4 dxc4 4. e3 e6 5. Bxc4 a6 6. Bd3 c5 7. O-O Nbd7 8. Nc3 b5 9. a4 b4 10. Ne4 Bb7 11. Nxf6+ Nxf6 12. Qe2 cxd4 13. exd4 Be7 14. Bg5 O-O 15. Rad1 h6 16. Bh4 a5 17. Ne5 Rc8 18. Bc4 Nd5 19. Bg3 Nb6 20. Nxf7 Rxf7 21. Bxe6 Bd5 22. Bxf7+ Bxf7 23. d5 Nxd5 24. Rfe1 Bf8 25. Qb5 Rc5 26. Qb7 Qc8 27. Qxc8 Rxc8 28. Re5 Nb6 29. Rxa5 Nc4 30. Rc1 Rd8 31. Ra7 Nxb2 32. h4 Nd3 33. Rd1 b3 34. Rb7 Bc4 35. Rc7 Rd4 36. a5 b2 37. Rb7 Ba6 38. Rxb2 Ra4 39. Rb6 Rxa5 40. Rxa6 Rxa6 41. Rxd3 Be7 1/2-1/2


[Site "https://www.chess.com"]

[Event "Titled Tuesday Blitz December 14 2021"]
[White "Lazavik, Denis"]
[Black "Vantika, Agrawal"]
[WhiteFideId "13515110"]
[BlackFideId "25050389"]
[WhiteElo "2436"]
[BlackElo "1917"]
[Result "1-0"]
[Round "02"]
[TimeControl "180+1"]
[Date "2021.12.14"]
[WhiteClock "0:00:03"]
[BlackClock "0:00:03"]

1. d4 Nf6 2. c4 e6 3. Nf3 d5 4. Nc3 Be7 5. Bg5 h6 6. Bh4 dxc4 7. e4 Nxe4 8. Nxe4 Bxh4 9. Bxc4 O-O 10. Qe2 Be7 11. O-O-O c6 12. g4 b5 13. Bb3 a5 14. Rhg1 a4 15. Bc2 a3 16. b3 g6 17. h4 Na6 18. h5 g5 19. Nc3 Nb4 20. Bb1 Nd5 21. Nxd5 cxd5 22. Ne5 Bd7 23. Qd3 f5 24. f4 Rc8+ 25. Bc2 Bb4 26. gxf5 Rc3 27. Qe2 Rxf5 28. fxg5 Rxg5 29. Kb1 Be8 30. Qf2 Bxh5 31. Rxg5+ hxg5 32. Rh1 Qe8 33. Qf6 Bf8 34. Qxg5+ Bg7 35. Rxh5 Qf8 36. Bh7+ Kh8 37. Ng6# 1-0


[Site "https://www.chess.com"]

[Event "Titled Tuesday Blitz December 14 2021"]
[White "Le, Tuan Minh"]
[Black "Atakhan, Abtin"]
[WhiteFideId "12401153"]
[BlackFideId "22502203"]
[WhiteElo "2450"]
[BlackElo "2119"]
[Result "1-0"]
[Round "02"]
[TimeControl "180+1"]
[Date "2021.12.14"]
[WhiteClock "0:01:36"]
[BlackClock "0:00:03"]

1. d4 Nf6 2. Nf3 e6 3. Bf4 b6 4. e3 Bb7 5. Bd3 d5 6. O-O Bd6 7. Bg3 O-O 8. c4 c5 9. Nc3 dxc4 10. Bxc4 Nc6 11. dxc5 Bxc5 12. Qe2 Qe7 13. a3 Rfd8 14. Bh4 Qf8 15. Bxf6 gxf6 16. Ba6 Bxa6 17. Qxa6 f5 18. Rac1 Bd6 19. Nb5 Ne5 20. Nfd4 Ng4 21. h3 Nf6 22. Nc6 Rd7 23. Rfd1 Kh8 24. Qa4 a6 25. Nxd6 Rxd6 26. Ne5 Nd5 27. Qd4 f6 28. Nc4 Rd7 29. Nxb6 Nxb6 30. Qxb6 Re7 31. Rc6 Rae8 32. Qxa6 Qg8 33. Qc4 Rg7 34. Qf1 Rg6 35. Rc7 e5 36. Rdd7 Rh6 37. Qd3 Qg5 38. Rd8 Rg8 39. Rxg8+ Qxg8 40. Qxf5 Rg6 41. Rc8 1-0


[Site "https://www.chess.com"]

[Event "Titled Tuesday Blitz December 14 2021"]
[White "Leitao, Rafael"]
[Black "Malka, Samuel"]
[WhiteFideId "2101246"]
[BlackFideId "20643675"]
[WhiteElo "2609"]
[BlackElo "2498"]
[Result "1/2-1/2"]
[Round "02"]
[TimeControl "180+1"]
[Date "2021.12.15"]
[WhiteClock "0:00:26"]
[BlackClock "0:00:03"]

1. c4 Nf6 2. Nc3 g6 3. e4 d6 4. d4 Bg7 5. Be2 O-O 6. Bg5 h6 7. Be3 c5 8. d5 b5 9. cxb5 a6 10. a4 axb5 11. Bxb5 Ba6 12. Nge2 Ng4 13. Bd2 Ne5 14. O-O Nbd7 15. Qc2 Nb6 16. Bxa6 Rxa6 17. b3 Qa8 18. Rfb1 Rb8 19. Nb5 Rc8 20. Bc3 c4 21. a5 cxb3 22. Qxb3 Nbc4 23. h3 Bf6 24. f4 Nd7 25. Bxf6 Nxf6 26. Qd3 Rxa5 27. Rxa5 Qxa5 28. Nbd4 Qc5 29. Kh2 Nd7 30. Rc1 Ndb6 31. Nc6 Rc7 32. Ned4 e6 33. dxe6 fxe6 34. Nxe6 Qxc6 35. Nxc7 Qxc7 36. Qd4 Qf7 37. e5 dxe5 38. fxe5 Kh7 39. Qe4 Qe6 40. Rb1 Nd7 41. Rb7 Qxe5+ 42. Qxe5 Nxe5 43. Kg3 Kg7 44. Ra7 Kf6 45. Ra6+ Ke7 46. h4 Kf7 47. h5 gxh5 48. Rxh6 Nf6 1/2-1/2


[Site "https://www.chess.com"]

[Event "Titled Tuesday Blitz December 14 2021"]
[White "Makhnev, Denis"]
[Black "Al-Tarboush, Ward"]
[WhiteFideId "13707647"]
[BlackFideId "7601450"]
[WhiteElo "2491"]
[BlackElo "2276"]
[Result "1-0"]
[Round "02"]
[TimeControl "180+1"]
[Date "2021.12.14"]
[WhiteClock "0:00:08"]
[BlackClock "0:00:02"]

1. d4 b6 2. c4 Bb7 3. Nc3 Nf6 4. d5 e6 5. a3 Bc5 6. e4 exd5 7. exd5 a5 8. Be2 O-O 9. Nf3 c6 10. Bg5 d6 11. O-O Nbd7 12. Rb1 a4 13. dxc6 Bxc6 14. Nd4 Bxd4 15. Qxd4 h6 16. Bh4 Ne5 17. Rbd1 Re8 18. Qxd6 Qxd6 19. Rxd6 Ne4 20. Nxe4 Bxe4 21. f3 Bc2 22. Rc1 Bb3 23. Bg3 Rac8 24. Rd4 Nc6 25. Rd2 Na5 26. c5 bxc5 27. Bb5 Re7 28. Bd6 Re3 29. Rxc5 Rxc5 30. Bxc5 Re1+ 31. Kf2 Re5 32. Rd8+ Kh7 33. Bd3+ g6 34. Bd4 Nc6 35. Bxe5 Nxd8 36. Bb5 Ne6 37. Ke3 Nc5 38. Kd4 Ne6+ 39. Kc3 g5 40. Bd3+ Kg8 41. Kb4 Kf8 42. Bb5 Ke7 43. Bxa4 Bxa4 44. Kxa4 Nc5+ 45. Kb5 1-0


[Site "https://www.chess.com"]

[Event "Titled Tuesday Blitz December 14 2021"]
[White "Manukyan, Artyom"]
[Black "Zhigalko, Sergei"]
[WhiteFideId "13305786"]
[BlackFideId "13502956"]
[WhiteElo "2034"]
[BlackElo "2662"]
[Result "1-0"]
[Round "02"]
[TimeControl "180+1"]
[Date "2021.12.14"]
[WhiteClock "0:00:07"]
[BlackClock "0:00:02"]

1. e4 c5 2. Nc3 Nc6 3. Bb5 Nd4 4. Nf3 e6 5. O-O a6 6. Bd3 Nxf3+ 7. Qxf3 Qc7 8. b3 Bd6 9. h3 Ne7 10. Bb2 Be5 11. Qe2 Ng6 12. g3 b5 13. f4 Bd4+ 14. Kh2 Bb7 15. Rae1 O-O 16. a4 b4 17. Nd1 Bxb2 18. Nxb2 Kh8 19. Qh5 f6 20. Nc4 Ne7 21. a5 Rad8 22. e5 f5 23. Nd6 g6 24. Qe2 Ra8 25. Bc4 Bd5 26. Ra1 Qc6 27. Bxd5 Nxd5 28. Qf3 Rab8 29. h4 h5 30. Rad1 Qc7 31. Ra1 Kg7 32. Qd3 Qc6 33. Qf3 Ra8 34. Qd3 Rfb8 35. Qc4 Ra7 36. Qd3 Qa8 37. Qf3 Rc7 38. Qd3 Rc6 39. Qf3 Qa7 40. Nc4 Qc7 41. Rae1 Qd8 42. Ra1 Rb5 43. Rae1 Rb8 44. Ra1 Rc7 45. Nd6 Ne7 46. Nc4 Nc6 47. Qf2 Nd4 48. Rac1 Rcb7 49. d3 Rc7 50. Ra1 Rc6 51. Nd6 Nb5 52. Nc4 Qe7 53. Qe3 Rc7 54. Qf2 Nd4 55. Nd6 Rc6 56. Nc4 Rb7 57. Rae1 Qd8 58. Ra1 Rbc7 59. Nd6 Nb5 60. Nc4 Rb7 61. Rae1 Qe7 62. Ra1 Rb8 63. Qg2 Rbc8 64. Qf2 Rd8 65. Rae1 Rc7 66. Ra1 d5 67. exd6 Nxd6 68. Ne5 Nb5 69. Rae1 Nd4 70. Nc4 Rc6 71. Re3 Qb7 72. Rfe1 Rc7 73. Ne5 Re7 74. Kh3 Qc7 75. Nf3 Qxa5 76. Nxd4 cxd4 77. Rxe6 Rxe6 78. Rxe6 Qd5 79. Re5 Qh1+ 80. Qh2 Qxh2+ 81. Kxh2 Rc8 82. Re2 Kf6 83. Kg2 a5 84. Kf3 Rc7 85. Kf2 Rc6 86. Ke1 Rc5 87. Kd2 Rc6 88. Re5 Ra6 89. Rd5 Kf7 90. Rxd4 Ke6 91. Rc4 Kd5 92. Rc8 Kd4 93. Rd8+ Kc5 94. Re8 Kd5 95. Re5+ Kd4 96. Rb5 Ra8 97. Rb6 Kc5 98. Rxg6 a4 99. bxa4 Rxa4 100. Rg5 Ra2 101. Rxf5+ Kd4 102. Rb5 Rb2 103. Kc1 Ra2 104. Rxb4+ Ke3 105. Re4+ Kf3 106. f5 Kxg3 107. f6 Ra6 108. Re5 Kxh4 109. Rf5 Ra8 110. f7 Rf8 111. Kd2 Kg4 112. Rf1 h4 113. Ke3 Kg3 114. Ke4 h3 115. Ke5 h2 116. Ke6 Kg2 117. Rd1 Ra8 118. Ke7 Ra7+ 119. Kf6 Ra6+ 120. Kg7 Ra1 121. Rxa1 h1=Q 122. Rxh1 1-0


[Site "https://www.chess.com"]

[Event "Titled Tuesday Blitz December 14 2021"]
[White "Manukyan, Sargis A."]
[Black "Visakh N R"]
[WhiteFideId "13303970"]
[BlackFideId "25012223"]
[WhiteElo "2187"]
[BlackElo "2454"]
[Result "0-1"]
[Round "02"]
[TimeControl "180+1"]
[Date "2021.12.15"]
[WhiteClock "0:00:08"]
[BlackClock "0:00:34"]

1. d4 Nf6 2. c4 e6 3. Nc3 d5 4. cxd5 exd5 5. Bg5 Be7 6. e3 O-O 7. Bd3 c6 8. Qc2 Nbd7 9. Nf3 Re8 10. O-O Nf8 11. h3 Ne4 12. Bf4 Nxc3 13. bxc3 Ng6 14. Bh2 Bd6 15. Bxd6 Qxd6 16. c4 dxc4 17. Bxc4 Qf6 18. Be2 Bf5 19. Qb3 Re7 20. a4 Be4 21. a5 Rae8 22. Nd2 Bd5 23. Bc4 Qg5 24. Bxd5 cxd5 25. Nf3 Qf5 26. Rfc1 h6 27. Rc5 Rd8 28. Rac1 Rdd7 29. Rc8+ Kh7 30. Rb8 Qe4 31. Rcc8 Nh4 32. Rh8+ Kg6 33. Nxh4+ Qxh4 34. Rhc8 Qe4 35. a6 bxa6 36. Rc6+ Re6 37. Rbc8 Kh7 38. Qb8 Rxc6 39. Rxc6 a5 40. Ra6 Qd3 41. Rxa5 Qd1+ 42. Kh2 Qd2 43. Rxa7 Rxa7 44. Qxa7 Qxf2 45. Qe7 f6 46. Qe6 Kg6 47. Qxd5 Qxe3 48. Qd6 h5 49. d5 h4 50. Qc7 Qe5+ 51. Qxe5 fxe5 52. g3 Kf6 53. gxh4 Ke7 54. Kg3 Kd6 55. Kf3 Kxd5 56. Ke3 e4 57. h5 Ke5 58. h4 Kf5 59. Ke2 Kf4 60. Kf2 e3+ 61. Ke2 Ke4 62. Ke1 Kf3 63. Kf1 e2+ 64. Ke1 Ke3 65. h6 gxh6 66. h5 Kf3 67. Kd2 Kf2 0-1


[Site "https://www.chess.com"]

[Event "Titled Tuesday Blitz December 14 2021"]
[White "Perez Leiva, Jerzy Jesus"]
[Black "Rakhmanov, Aleksandr"]
[WhiteFideId "3524337"]
[BlackFideId "4173708"]
[WhiteElo "2295"]
[BlackElo "2500"]
[Result "1/2-1/2"]
[Round "02"]
[TimeControl "180+1"]
[Date "2021.12.15"]
[WhiteClock "0:00:05"]
[BlackClock "0:00:10"]

1. d4 Nf6 2. c4 d6 3. Nc3 e5 4. dxe5 dxe5 5. Qxd8+ Kxd8 6. Nf3 Bd6 7. b3 Nbd7 8. Bb2 c6 9. O-O-O Kc7 10. Ng5 Rf8 11. Nce4 Nxe4 12. Nxe4 Be7 13. h4 h6 14. Ng3 Re8 15. h5 Bg5+ 16. e3 Nf6 17. Be2 a5 18. a4 Ng4 19. Bxg4 Bxg4 20. Rd2 Rad8 21. Bc3 b6 22. Rxd8 Bxd8 23. f3 Bc8 24. e4 f6 25. b4 axb4 26. Bxb4 c5 27. Bc3 Kc6 28. Kb2 Be6 29. Kb3 Be7 30. Rd1 Ra8 31. Nf5 Bf8 32. g4 Rb8 33. Ne3 b5 34. axb5+ Rxb5+ 35. Kc2 Rb8 36. Nd5 Ra8 37. Kb3 Rb8+ 38. Kc2 Ra8 39. Kb3 Bc8 40. Ne3 Bd7 41. Nd5 Be8 42. Rb1 Bf7 43. Kc2 Be8 44. Rb6+ Kd7 45. Kb3 Kc8 46. Bd2 Rb8 47. Be3 Rxb6+ 48. Nxb6+ Kb7 49. Nd5 Kc6 50. Nc3 Bd7 51. Na4 Be6 52. Kc3 Bf7 53. Kb3 g6 54. hxg6 Bxg6 55. Nc3 h5 56. gxh5 Bxh5 57. f4 Bd6 58. f5 Bf3 59. Kc2 Bc7 60. Kd3 Ba5 61. Nd5 Bd8 62. Bf2 Bg2 63. Bh4 Bf1+ 64. Kc3 Bg2 65. Kd3 Bf1+ 66. Kc3 Bg2 67. Bxf6 Ba5+ 68. Kd3 Bf1+ 69. Ke3 Bxc4 70. Bxe5 Bxd5 71. exd5+ Kxd5 72. Bg7 c4 73. f6 Bc3 74. Ke2 Be5 75. Kd1 Ke4 76. Kc2 Bxf6 77. Bxf6 c3 78. Bxc3 1/2-1/2


[Site "https://www.chess.com"]

[Event "Titled Tuesday Blitz December 14 2021"]
[White "Pranav, V"]
[Black "Mohammad Fahad, Rahman"]
[WhiteFideId "25060783"]
[BlackFideId "10207791"]
[WhiteElo "2351"]
[BlackElo "2323"]
[Result "1/2-1/2"]
[Round "02"]
[TimeControl "180+1"]
[Date "2021.12.14"]
[WhiteClock "0:00:23"]
[BlackClock "0:00:27"]

1. e4 e5 2. Nf3 Nc6 3. Nc3 Nf6 4. g3 Bc5 5. Bg2 d6 6. O-O a6 7. d3 O-O 8. h3 h6 9. Nh4 Be6 10. Kh2 d5 11. exd5 Nxd5 12. Nxd5 Bxd5 13. Bxd5 Qxd5 14. Nf5 Nd4 15. Nxd4 Bxd4 16. Qh5 Rad8 17. Kg1 Rd6 18. Re1 b5 19. c3 Bb6 20. Be3 Qxd3 21. Bxb6 cxb6 22. Rad1 Qg6 23. Qxe5 Rxd1 24. Rxd1 Qc2 25. Rd4 Qxb2 26. Rg4 g6 27. Qd5 Kg7 28. Qd4+ Kg8 29. Qd5 Kh7 30. Qd6 Re8 31. Rf4 Qxa2 32. Qd7 Rf8 33. h4 h5 34. Qd6 Kg8 35. Qxb6 Qa1+ 36. Kg2 Qxc3 37. Qxa6 Qc5 38. Qb7 Qe5 39. Re4 Qb8 40. Qe7 Qb6 41. Qb4 Rb8 42. Rf4 Qc6+ 43. Kh2 Rd8 44. Qb3 Qd5 45. Qb4 Re8 46. Rd4 Qc6 47. Rf4 Re5 48. Qb3 Qd5 49. Qb4 Rf5 50. Rxf5 Qxf5 51. Qd4 b4 52. Qxb4 Qxf2+ 53. Kh1 Qxg3 54. Qf8+ Kxf8 1/2-1/2


[Site "https://www.chess.com"]

[Event "Titled Tuesday Blitz December 14 2021"]
[White "Ronka, Erik"]
[Black "Blohberger, Felix"]
[WhiteFideId "505080"]
[BlackFideId "1632051"]
[WhiteElo "2264"]
[BlackElo "2416"]
[Result "1-0"]
[Round "02"]
[TimeControl "180+1"]
[Date "2021.12.15"]
[WhiteClock "0:00:04"]
[BlackClock "0:00:04"]

1. d4 Nf6 2. Nf3 g6 3. g3 Bg7 4. Bg2 O-O 5. O-O d6 6. b3 c6 7. Bb2 Qa5 8. Qd2 Qh5 9. Qg5 Qxg5 10. Nxg5 a5 11. a4 Na6 12. Na3 h6 13. Nf3 Bf5 14. Rac1 Be4 15. Bh3 Nb4 16. Nd2 Bf5 17. Bxf5 gxf5 18. Nac4 Ne4 19. Nxe4 fxe4 20. e3 f5 21. Ba3 Nd5 22. Nd2 Nc3 23. Rfe1 b5 24. Bb2 Na2 25. Ra1 Nb4 26. Rec1 Rfb8 27. axb5 cxb5 28. Bc3 Nc6 29. Ra2 Ra6 30. Rca1 Rba8 31. Nb1 d5 32. Kf1 e6 33. Ke2 Bf8 34. Bd2 Kf7 35. Nc3 Nb4 36. Rb2 Rb8 37. Nd1 Nc6 38. Rba2 b4 39. Nb2 h5 40. Na4 h4 41. Rb2 Ra7 42. Rc1 Be7 43. c3 bxc3 44. Rxc3 Nb4 45. Nc5 Bxc5 46. Rxc5 Nd3 47. Ra2 Nxc5 48. dxc5 Rc8 49. b4 Rb7 50. Rxa5 e5 51. Ra6 d4 52. exd4 exd4 53. gxh4 Rcb8 54. c6 Rxb4 55. c7 d3+ 56. Ke3 Rc8 57. Bxb4 Rxc7 58. Rh6 Rc2 59. Bd2 Ra2 60. Rb6 Ra1 61. h5 Rh1 62. h6 Rxh2 63. h7 Rxh7 64. Rb7+ Kg6 65. Rxh7 Kxh7 66. Kf4 Kg6 67. Ke5 1-0


[Site "https://www.chess.com"]

[Event "Titled Tuesday Blitz December 14 2021"]
[White "Rustemov, Alexander"]
[Black "Romanchuk, Viktor"]
[WhiteFideId "4119002"]
[BlackFideId "14109271"]
[WhiteElo "2864"]
[BlackElo "2242"]
[Result "1-0"]
[Round "02"]
[TimeControl "180+1"]
[Date "2021.12.14"]
[WhiteClock "0:00:22"]
[BlackClock "0:00:01"]

1. d4 d5 2. c4 c6 3. Nc3 Nf6 4. e3 e6 5. Nf3 Nbd7 6. Qc2 Bd6 7. Bd2 O-O 8. O-O-O b5 9. e4 Nxe4 10. Nxe4 dxe4 11. Qxe4 bxc4 12. Bxc4 Rb8 13. Bf4 Qb6 14. Rd2 Nf6 15. Qe3 Bxf4 16. Qxf4 c5 17. Ne5 Ba6 18. Kb1 Rfc8 19. d5 exd5 20. Bxd5 Rc7 21. Bc4 Bxc4 22. Nxc4 Qb7 23. Rhd1 Re7 24. Qxb8+ Qxb8 25. Rd8+ Re8 26. Rxb8 Rxb8 27. f3 Re8 28. Rd2 h5 29. Kc2 g5 30. Nd6 Re6 31. Nf5 Kh7 32. Rd6 Kg6 33. Rxe6 fxe6 34. Ne7+ Kf7 35. Nc6 Nd5 36. Kd2 a6 37. Nb8 Nc7 38. Nd7 c4 39. Ne5+ Kf6 40. Nxc4 Kf5 41. g3 e5 42. Nd6+ Ke6 43. Ne4 g4 44. Ke2 Kf5 45. Nd6+ Ke6 46. Nc4 Nd5 47. a3 Nc7 48. fxg4 hxg4 49. Ne3 Nb5 50. Nxg4 Nd4+ 51. Kd3 Nf3 52. h4 Nd4 53. Nf2 Nf5 54. Ne4 1-0


[Site "https://www.chess.com"]

[Event "Titled Tuesday Blitz December 14 2021"]
[White "Sawlin, Leonid"]
[Black "Paravyan, David"]
[WhiteFideId "4689542"]
[BlackFideId "4194985"]
[WhiteElo "2412"]
[BlackElo "2656"]
[Result "0-1"]
[Round "02"]
[TimeControl "180+1"]
[Date "2021.12.14"]
[WhiteClock "0:00:21"]
[BlackClock "0:00:35"]

1. e4 c5 2. Nf3 Nc6 3. d4 cxd4 4. Nxd4 Nf6 5. Nc3 e5 6. Ndb5 d6 7. Bg5 a6 8. Na3 b5 9. Nd5 Be7 10. Bxf6 Bxf6 11. c3 O-O 12. Nc2 g6 13. a4 bxa4 14. Rxa4 Bg7 15. Bc4 a5 16. O-O Kh8 17. Qd3 f5 18. Rfa1 Rb8 19. b3 Bd7 20. Nde3 f4 21. Nd5 f3 22. gxf3 Bh3 23. f4 Bd7 24. f5 gxf5 25. exf5 Bxf5 26. Qd2 e4 27. Kh1 Bg6 28. Rg1 Ne5 29. Nf4 Nf3 30. Nxg6+ hxg6 31. Qe3 d5 32. Be2 Nxg1 33. Kxg1 Qf6 34. Nd4 Qh4 35. Rxa5 Be5 36. h3 Bf4 37. Nf3 Bxe3 38. Nxh4 Bxf2+ 39. Kg2 Bxh4 40. Rxd5 0-1


[Site "https://www.chess.com"]